Map: Ever Dream LE

Players

TYTY (TY)

  • Race: Terran Terran
  • League: Grandmaster
  • Spawn Location: 1:00

Zest - Winner!

  • Race: Protoss Protoss
  • League: Master
  • Spawn Location: 7:00

Event: Shopify TSL 5

VOD

Have the link to the VOD?

Description

Time

  • Played on: May 31, 2020, 12:10 p.m.
  • Length: 10:01

All games in this series

Show
View Real Time Build Order
Export as new Build Order

TYTY Terran 

Build Orders: Reaper Expand 

Get SALT Encoding   

  12  0:00  SCV  
  13  0:12  SCV  
  14  0:17  Supply Depot  
  14  0:25  SCV  
  15  0:38  SCV  
  15  0:40  Barracks  
  16  0:43  Refinery  
  16  0:50  SCV  
  17  1:03  SCV  
  18  1:06  Supply Depot  
  18  1:15  SCV  
  19  1:27  Reaper  
  19  1:28  Orbital Command  
  20  1:46  Command Center  
  20  1:53  SCV  
  21  2:04  Barracks, Barracks Reactor  
  21  2:06  SCV  
  22  2:18  SCV  
  22  2:19  Barracks  
  23  2:30  SCV  
  24  2:38  Refinery  
  24  2:40  Marine x2  
  24  2:42  SCV  
  27  2:52  Barracks Tech Lab  
  27  2:54  SCV  
  27  2:57  Marine, Orbital Command  
  27  2:58  Marine  
  30  3:06  SCV  
  30  3:08  Barracks Tech Lab  
  32  3:15  Marine  
  32  3:18  SCV  
  32  3:19  Stimpack  
  34  3:20  Marauder  
  34  3:22  Supply Depot  
  34  3:24  Marine  
  34  3:25  Orbital Command  
  37  3:29  Marauder, Combat Shield  
  37  3:33  Marine  
  39  3:41  SCV  
  39  3:42  Marauder  
  42  3:48  Marine  
  42  3:53  SCV, Marauder  
  42  3:55  Supply Depot  
  46  3:56  SCV  
  46  3:59  Marine  
  48  4:05  SCV  
  48  4:08  SCV  
  53  4:17  SCV  
  53  4:18  Marine x2, Orbital Command  
  53  4:22  Engineering Bay, Marine  
  55  4:31  Marine  
  55  4:36  Marine x2  
  57  4:39  SCV  
  57  4:44  Orbital Command  
  57  4:45  Marine  
  57  4:48  Marine  
  57  4:50  Concussive Shells  
  57  4:51  Missile Turret  
  59  4:55  Supply Depot  
  59  4:56  Marine  
  61  5:06  Marine  
  62  5:10  Marine  
  62  5:12  Terran Infantry Weapons Level 1  
  62  5:13  Factory  
  62  5:16  Marine  
  62  5:19  Missile Turret  
  63  5:22  Supply Depot  
  63  5:24  Marine  
  63  5:25  SCV x2  
  66  5:28  Barracks Reactor  
  66  5:34  Marine  
  67  5:37  SCV x2, Refinery  
  67  5:39  Supply Depot  
  67  5:49  SCV x2  
  68  5:53  Marine  
  69  5:58  Factory Reactor, Starport  
  69  6:01  SCV x2  
  69  6:03  Marine  
  72  6:09  Missile Turret  
  71  6:11  Marine  
  71  6:13  SCV x2  
  71  6:18  Supply Depot  
  74  6:19  Marine x2  
  74  6:21  Marine  
  77  6:25  SCV x2  
  77  6:29  Marine  
  77  6:37  SCV, Marine x2, Widow Mine x2  
  77  6:38  Medivac  
  80  6:42  SCV  
  80  6:43  Marine  
  80  6:44  Bunker  
  79  6:56  Marine x2  
  79  6:59  Widow Mine x2  
  81  7:03  Marauder x2  
  81  7:07  Terran Infantry Armor Level 1  
  81  7:08  SCV x2, Medivac  
  84  7:20  SCV x2  
  90  7:27  Marauder x2  
  90  7:31  Marine  
  90  7:33  Command Center  
  90  7:35  Marine  
  92  7:38  Refinery  
  92  7:44  Medivac  
  92  7:48  Factory Tech Lab  
  92  7:49  Supply Depot x2  
  92  7:50  Supply Depot  
  94  7:52  Medivac  
  94  7:54  Marauder  
  94  7:55  Marauder  
  94  8:10  SCV x2  
  96  8:14  Marine x2  
  96  8:15  Marine  
  99  8:20  Siege Tank  
  99  8:22  SCV  
  104  8:33  Marine x3  
  106  8:41  SCV x2  
  106  8:42  Barracks  
  106  8:43  Barracks, Viking  
  104  8:50  Missile Turret  
  104  8:51  Marine  
  105  8:58  Siege Tank  
  105  9:07  SCV x2  
  105  9:08  Viking  
  93  9:11  Marine x2  
  94  9:17  Marauder x2  
  94  9:22  Orbital Command  
  94  9:23  SCV  
  97  9:29  SCV  
  97  9:30  Marine x2  
  97  9:31  Marine  
  101  9:35  SCV  
  101  9:37  Marine  
  101  9:38  Marine  
  107  9:41  SCV  
  101  9:47  SCV  
  101  9:48  SCV  
Show
View Real Time Build Order
Export as new Build Order

Zest Protoss - Winner!

Build Orders: 1 Gate Expand, Zealot Archon, Dark Templar Rush 

Get SALT Encoding   

  12  0:00  Probe  
  13  0:12  Probe  
  14  0:17  Pylon  
  14  0:25  Probe (Chrono Boost)  
  15  0:37  Probe (Chrono Boost), Gateway  
  16  0:44  Probe (Chrono Boost)  
  16  0:46  Assimilator  
  17  0:51  Probe  
  18  1:03  Probe  
  19  1:15  Probe  
  20  1:24  Cybernetics Core  
  20  1:32  Nexus  
  20  1:35  Probe  
  21  1:41  Pylon  
  21  1:47  Probe  
  21  1:49  Assimilator  
  22  1:57  Adept (Chrono Boost)  
  22  1:59  Probe  
  25  2:02  Warp Gate  
  25  2:11  Probe  
  26  2:18  Twilight Council  
  26  2:23  Probe  
  26  2:28  Stalker  
  29  2:36  Probe (Chrono Boost)  
  30  2:38  Pylon  
  30  2:44  Probe (Chrono Boost)  
  30  2:48  Probe (Chrono Boost)  
  32  2:54  Probe (Chrono Boost)  
  32  2:56  Probe (Chrono Boost)  
  34  2:59  Probe (Chrono Boost), Dark Shrine  
  34  3:01  Probe  
  36  3:10  Gateway  
  36  3:12  Probe  
  37  3:14  Probe  
  38  3:21  Gateway  
  38  3:24  Probe  
  38  3:26  Probe  
  40  3:33  Shield Battery  
  40  3:37  Pylon  
  40  3:43  Probe x2  
  42  3:49  Stalker  
  42  3:52  Assimilator  
  42  3:54  Assimilator  
  44  3:56  Shield Battery  
  44  4:01  Probe  
  44  4:02  Probe  
  46  4:07  Pylon  
  46  4:11  Dark Templar x2  
  46  4:14  Dark Templar  
  46  4:16  Probe (Chrono Boost)  
  54  4:19  Probe (Chrono Boost)  
  54  4:27  Pylon  
  54  4:28  Probe (Chrono Boost)  
  56  4:33  Probe (Chrono Boost)  
  56  4:42  Charge (Chrono Boost)  
  54  4:47  Probe x2, Robotics Facility  
  54  4:50  Dark Templar  
  58  5:00  Gateway  
  58  5:01  Gateway  
  58  5:03  Gateway  
  54  5:12  Dark Templar  
  56  5:17  Pylon  
  56  5:18  Shield Battery  
  56  5:26  Dark Templar x2  
  60  5:29  Gateway  
  60  5:30  Pylon  
  60  5:32  Warp Prism (Chrono Boost)  
  60  5:33  Archon  
  62  5:45  Stalker  
  62  5:55  Zealot x2  
  66  5:59  Zealot  
  66  6:00  Dark Templar, Zealot  
  72  6:07  Pylon  
  72  6:09  Observer  
  72  6:11  Zealot  
  73  6:17  Zealot x2  
  77  6:33  Zealot x2  
  75  6:42  Zealot x5  
  75  6:46  Robotics Bay  
  83  6:57  Nexus  
  83  7:00  Pylon  
  81  7:03  Observer (Chrono Boost)  
  81  7:05  Observer, Probe  
  81  7:06  Probe  
  81  7:07  Blink (Chrono Boost)  
  84  7:17  Immortal  
  84  7:18  Probe x2  
  90  7:27  Pylon  
  90  7:30  Sentry x2  
  90  7:31  Stalker x3  
  90  7:34  Stalker  
  102  7:45  Stalker  
  104  7:51  Pylon  
  102  7:59  Colossus (Chrono Boost)  
  108  8:10  Probe x3  
  108  8:11  Extended Thermal Lance  
  108  8:12  Stalker  
  106  8:13  Stalker  
  106  8:19  Stalker  
  110  8:24  Probe x2  
  110  8:25  Probe  
  113  8:33  Forge  
  113  8:36  Probe x2  
  114  8:52  Stalker x5  
  124  9:06  Stalker x2  
  122  9:19  Probe x3  
  122  9:22  Zealot x5  
  131  9:49  Zealot x6  
Tags
 
Add a new tag
Caveats
  • Supply blocks, unpowered buildings, or Contaminate may cause inaccurate times.
  • Supply counts are checked every 10 seconds.